 Dungeon Crawl Stone Soup version 0.30.0 (webtiles) character file.

Game seed: 9695153683870199797

7760 leafyfresh the Covert (level 11, -1/89 HPs)
             Began as a Gnoll Delver on May 6, 2023.
             Slain by a komodo dragon (16 damage)
             ... on level 9 of the Dungeon.
             The game lasted 00:18:32 (10260 turns).

leafyfresh the Covert (Gnoll Delver)               Turns: 10260, Time: 00:18:32

Health: -1/89      AC: 11    Str: 18    XL:     11   Next: 20%
Magic:  17/20      EV: 19    Int: 17    God:
Gold:   448        SH:  0    Dex: 27    Spells: 9/22 levels left

rFire   + . .        x - +9 short sword of the Sky {freeze, rN+ Dex+3 SInv}
rCold   + . .        (no shield)
rNeg    + . .        M - +0 troll leather armour
rPois   +            H - +2 helmet
rElec   .            (no cloak)
rCorr   .            G - +1 pair of gloves
SInv    +            j - +0 pair of boots of Purpose {rPois rF+ Will+}
Will    .....        y - amulet of magic regeneration
Stlth   ++++         Q - ring of Yjieng {Will- Str+6 Int+8 Slay+5 Stlth-}
HPRegen 1.14/turn    P - ring "Ytod Uke" {*Slow rPois rC+ Dex+6}
MPRegen 0.57/turn

%: slow self (1%)
@: swift, on blink cooldown, slowed
A: fangs 1, strong nose, distributed training
a: no special abilities


You were on level 9 of the Dungeon.
You visited 1 branch of the dungeon, and saw 9 of its levels.

You collected 448 gold pieces.

Inventory:

Hand Weapons
 r - a +2 dagger of electrocution
 x - the +9 short sword of the Sky (weapon) {freeze, rN+ Dex+3 SInv}
   (You found it on level 2 of the Dungeon)

   Dex:       It affects your dexterity (+3).
   rN:        It protects you from negative energy.
   SInv:      It lets you see invisible.
 R - a +0 shortbow
Missiles
 l - 2 curare-tipped darts (quivered)
Armour
 b - a +0 leather armour
 j - the +0 pair of boots of Purpose (worn) {rPois rF+ Will+}
   (You acquired it on level 6 of the Dungeon)

   rF:        It protects you from fire.
   rPois:     It protects you from poison.
   Will:      It increases your willpower.
 B - a +0 pair of boots
 G - a +1 pair of gloves (worn)
 H - a +2 helmet (worn)
 J - +0 acid dragon scales
 M - a +0 troll leather armour (worn)
Jewellery
 a - the ring of Puollyfoon {Ice *Slow Int+2 Dex+3 Stlth+}
   (You acquired it on level 6 of the Dungeon)

   [ring of ice]

   It enhances your ice magic.
   Int:       It affects your intelligence (+2).
   Dex:       It affects your dexterity (+3).
   rF:        It makes you vulnerable to fire.
   rC:        It protects you from cold.
   *Slow:     It may slow you when you take damage.
   Stlth:     It makes you more stealthy.
 t - a ring of see invisible
 y - an amulet of magic regeneration (around neck)
 A - a ring of protection from cold
 F - a ring of protection from cold
 O - the ring "Haruic" {*Corrode rElec MP+9 Str-5 Dex+6}
   (You found it on level 9 of the Dungeon)

   [ring of magical power]

   Str:       It affects your strength (-5).
   Dex:       It affects your dexterity (+6).
   rElec:     It insulates you from electricity.
   MP:        It affects your magic capacity (+9).
   *Corrode:  It may corrode you when you take damage.
 P - the ring "Ytod Uke" (right hand) {*Slow rPois rC+ Dex+6}
   (You found it on level 9 of the Dungeon)

   [ring of poison resistance]

   Dex:       It affects your dexterity (+6).
   rC:        It protects you from cold.
   rPois:     It protects you from poison.
   *Slow:     It may slow you when you take damage.
 Q - the ring of Yjieng (left hand) {Will- Str+6 Int+8 Slay+5 Stlth-}
   (You took it off a naga on level 9 of the Dungeon)

   [ring of strength]

   Str:       It affects your strength (+6).
   Int:       It affects your intelligence (+8).
   Slay:      It affects your accuracy & damage with ranged weapons and melee
   (+5).
   Will:      It decreases your willpower.
   Stlth:     It makes you less stealthy.
 S - the ring "Weogug Noib" {Drain rN++ Will+ MP+9}
   (You took it off a centaur on level 9 of the Dungeon)

   [ring of magical power]

   rN:        It greatly protects you from negative energy.
   MP:        It affects your magic capacity (+9).
   Drain:     It drains your maximum health when unequipped.
   Will:      It increases your willpower.
Wands
 g - a wand of digging (8)
 v - a wand of flame (12)
 C - a wand of light (12)
 K - a wand of mindburst (14)
Scrolls
 c - 3 scrolls of fog
 d - a scroll of magic mapping
 e - a scroll of blinking
 m - 2 scrolls of teleportation
 o - a scroll of immolation
 u - 2 scrolls of vulnerability
 E - 2 scrolls of fear
 I - 3 scrolls of poison
 L - a scroll of brand weapon {unknown}
Potions
 f - 2 potions of haste
 h - 2 potions of flight {unknown}
 i - 7 potions of curing {unknown}
 k - a potion of berserk rage {unknown}
 n - 3 potions of heal wounds {unknown}
 p - 2 potions of lignification {unknown}
 q - 3 potions of might {unknown}
 s - a potion of degeneration {unknown}
 w - a potion of attraction {unknown}
 z - a potion of ambrosia {unknown}
 D - 2 potions of mutation {unknown}
 N - a potion of invisibility {unknown}


   Skills:
 + Level 9.2 Fighting
 + Level 7.9 Short Blades
 + Level 6.3 Long Blades
 + Level 6.3 Axes
 + Level 6.3 Maces & Flails
 + Level 6.3 Polearms
 + Level 6.3 Staves
 + Level 6.3 Ranged Weapons
 + Level 6.3 Throwing
 + Level 6.3 Armour
 + Level 7.9 Dodging
 + Level 11.4 Stealth
 + Level 6.3 Shields
 + Level 6.3 Unarmed Combat
 + Level 6.3 Spellcasting
 + Level 5.2 Conjurations
 + Level 5.2 Hexes
 + Level 5.2 Summonings
 + Level 5.2 Necromancy
 + Level 5.2 Translocations
 + Level 5.2 Transmutations
 + Level 5.2 Fire Magic
 + Level 5.2 Ice Magic
 + Level 5.2 Air Magic
 + Level 5.2 Earth Magic
 + Level 5.2 Poison Magic
 + Level 6.9 Invocations
 + Level 6.3 Evocations


You had 9 spell levels left.
You knew the following spells:

 Your Spells              Type           Power      Damage    Failure   Level
a - Blink                 Tloc           46%        N/A       2%          2
b - Static Discharge      Conj/Air       46%        2-4/arc   2%          2
c - Swiftness             Air            23%        N/A       4%          3
d - Passwall              Tmut/Erth      19%        N/A       2%          2
e - Summon Lightning Spi  Summ/Air       23%        N/A       17%         4

Your spell library contained the following spells:

 Spells                   Type           Power      Damage    Failure   Level
 Kiss of Death            Conj/Necr      92%        2d12      1%          1
 Ensorcelled Hibernation  Hex/Ice        46%        N/A       2%          2
 Lesser Beckoning         Tloc           46%        N/A       2%          2
 Momentum Strike          Conj/Tloc      46%        3d9       2%          2
 Confusing Touch          Hex            23%        N/A       4%          3
 Portal Projectile        Hex/Tloc       46%        N/A       4%          3
 Tukima's Dance           Hex            23%        N/A       4%          3
 Airstrike                Air            11%        2d(2-18)  17%         4
 Dispel Undead            Necr           23%        3d12      17%         4
 Blade Hands              Tmut           11%        N/A       43%         5


Dungeon Overview and Level Annotations

Branches:
Dungeon (9/15)             Temple (0/1) D:5            Lair (0/5) D:9
    Orc: D:9-12

Altars:
Kikubaaqudgha
Qazlal
Sif Muna
Vehumet
The Shining One

Shops:
D:2 *   D:5 *


Innate Abilities, Weirdness & Mutations

You have very sharp teeth.
Your uncanny sense of smell can sniff out nearby items.
Your experience applies equally to all skills.


Message History

You closely miss the purple ugly thing.
The purple ugly thing is heavily wounded.
The purple ugly thing headbutts you! The komodo dragon bites you!
You hit the purple ugly thing. You freeze the purple ugly thing.
The purple ugly thing is severely wounded.
The purple ugly thing closely misses you.
The komodo dragon bites you!
You closely miss the purple ugly thing.
The purple ugly thing is severely wounded.
The purple ugly thing headbutts you! The komodo dragon bites you!
* * * LOW HITPOINT WARNING * * *
You are too injured to fight recklessly!
You are too injured to fight recklessly!
Unknown command.
Unknown command.
Cast which spell? (? or * to list)
Okay, then.
Cast which spell? (? or * to list)
You blink.
A two-headed ogre, an orc warrior and 2 orcs come into view.
Found an escape hatch in the ceiling.
The two-headed ogre shouts in stereo!
The orc warrior shouts!
The howler monkey misses you.
The purple ugly thing closely misses you.
An orc comes into view. It is wielding a +0 dagger.
The howler monkey misses you.
Casting: Blink (safe; 2% risk of failure)
Confirm with . or Enter, or press ? or * to list all spells.
Okay, then.
Casting: Blink (safe; 2% risk of failure)
Confirm with . or Enter, or press ? or * to list all spells.
You feel quick.
The orc shouts!
The howler monkey hits you but does no damage.
The purple ugly thing headbutts you.
* * * LOW HITPOINT WARNING * * *
The purple ugly thing barely misses you.
The howler monkey completely misses you.
The komodo dragon bites you!
You die...

##.##..........
.##.#....>....# #..
#...##.......)# ##...
...###......<.# .#.O..
.##..##....††.# ...oo.
#....##......)## #...#..
...##.##......§##.....<.
.##....#.......uhoo.###.
#.......#......l@.......
........#..).......###..
##.###..##...........#
.....#...#......#.##.#
......##.##........ ..
..#..##...#....#.### ..
..#..#..#.##....... .
#...#..# ..#....# #
#.....## #...#


You could see a purple ugly thing, a two-headed ogre, a komodo dragon, an orc
warrior, a howler monkey and 3 orcs.

Vanquished Creatures
  A centaur warrior (D:9)
  Pikel (D:6)
  A cyclops (D:9)
  2 trolls (D:9)
  A wyvern (D:5)
  2 wraiths
  A vampire (D:9)
  10 yaks
  Eustachio (D:5)
  An acid dragon (D:8)
  A naga (shapeshifter) (D:9)
  2 water moccasins
  An orc warrior (D:8)
  3 black bears
  2 sky beasts
  2 ice beasts
  An ogre (D:5)
  A phantom (D:6)
  5 centaurs
  A lemure (D:7)
  A kobold brigand (D:8)
  3 bullfrogs
  A gnoll sergeant (D:9)
  5 scorpions
  A wight (D:9)
  9 killer bees
  2 vampire bats (D:4)
  5 howler monkeys
  5 hounds
  A jelly (D:6)
  An orc priest (D:8)
  A gnoll bouda (D:6)
  4 sleepcaps
  4 iguanas
  4 orc wizards
  4 gnolls (D:5)
  9 adders
  3 shadow imps
  3 ufetubi
  3 worms
  2 dart slugs
  25 orcs
  3 ball pythons
  4 bats
  A bat skeleton (D:4)
  4 bat zombies (D:4)
  5 endoplasms
  3 giant cockroaches
  3 goblins
  8 hobgoblins
  7 jackals
  16 kobolds
  5 frilled lizards
  6 rats
201 creatures vanquished.

Vanquished Creatures (others)
  23 plants (D:9)
23 creatures vanquished.

Grand Total: 224 creatures vanquished

Notes
Turn   | Place    | Note
-------+----------+-------------------------------------------
     0 | D:5      | Reached skill level 9 in Stealth
     0 | D:5      | leafyfresh the Gnoll Delver began the quest for the Orb.
     0 | D:5      | Reached XP level 1. HP: 23/23 MP: 1/1
    86 | D:5      | Noticed an ice beast
    91 | D:5      | Killed an ice beast
    92 | D:5      | Reached skill level 1 in Long Blades
    92 | D:5      | Reached skill level 1 in Axes
    92 | D:5      | Reached skill level 1 in Maces & Flails
    92 | D:5      | Reached skill level 1 in Polearms
    92 | D:5      | Reached skill level 1 in Staves
    92 | D:5      | Reached skill level 1 in Ranged Weapons
    92 | D:5      | Reached skill level 1 in Throwing
    92 | D:5      | Reached skill level 1 in Armour
    92 | D:5      | Reached skill level 1 in Shields
    92 | D:5      | Reached skill level 1 in Unarmed Combat
    92 | D:5      | Reached skill level 1 in Spellcasting
    92 | D:5      | Reached skill level 1 in Conjurations
    92 | D:5      | Reached skill level 1 in Hexes
    92 | D:5      | Reached skill level 1 in Summonings
    92 | D:5      | Reached skill level 1 in Necromancy
    92 | D:5      | Reached skill level 1 in Translocations
    92 | D:5      | Reached skill level 1 in Transmutations
    92 | D:5      | Reached skill level 1 in Fire Magic
    92 | D:5      | Reached skill level 1 in Ice Magic
    92 | D:5      | Reached skill level 1 in Air Magic
    92 | D:5      | Reached skill level 1 in Earth Magic
    92 | D:5      | Reached skill level 1 in Poison Magic
    92 | D:5      | Reached skill level 1 in Invocations
    92 | D:5      | Reached skill level 1 in Evocations
    92 | D:5      | Reached XP level 2. HP: 29/29 MP: 1/3
    92 | D:5      | Reached XP level 3. HP: 35/35 MP: 1/4
    92 | D:5      | Reached XP level 4. HP: 41/41 MP: 1/5
   227 | D:5      | Noticed a wyvern
   986 | D:4      | Noticed a black bear
   990 | D:4      | Killed a black bear
   991 | D:4      | Reached XP level 5. HP: 47/47 MP: 5/7
  1153 | D:4      | Reached XP level 6. HP: 42/53 MP: 8/8
  1323 | D:4      | Found an ancient bone altar of Kikubaaqudgha.
  1337 | D:4      | Reached skill level 5 in Short Blades
  1337 | D:4      | Reached skill level 5 in Dodging
  1997 | D:3      | Found a shimmering blue altar of Sif Muna.
  2083 | D:3      | Found a glowing golden altar of the Shining One.
  2971 | D:2      | Found Dauwn's Assorted Antiques.
  3075 | D:2      | Identified the +9 short sword of the Sky {freeze, rN+ Dex+3
                  | SInv}
  3101 | D:2      | Reached XP level 7. HP: 52/60 MP: 10/10
  3252 | D:2      | Found a radiant altar of Vehumet.
  4307 | D:3      | Learned a level 2 spell: Blink
  4310 | D:3      | Learned a level 2 spell: Static Discharge
  4324 | D:5      | Found Deycw's Gadget Gallery.
  4731 | D:5      | Found a staircase to the Ecumenical Temple.
  4817 | D:5      | Reached skill level 10 in Stealth
  4870 | D:5      | Killed a wyvern
  4939 | D:5      | Reached XP level 8. HP: 67/67 MP: 12/12
  5118 | D:5      | Noticed Eustachio
  5150 | D:5      | Killed Eustachio
  5834 | D:6      | Identified 2 scrolls of acquirement
  5838 | D:6      | Acquired the ring of Puollyfoon {Ice *Slow Int+2 Dex+3
                  | Stlth+}
  5843 | D:6      | Acquired the +0 pair of boots of Purpose {rPois rF+ Will+}
  5883 | D:6      | Reached XP level 9. HP: 29/73 MP: 14/14
  6392 | D:6      | Found a stormy altar of Qazlal.
  6873 | D:7      | Noticed Pikel
  7022 | D:7      | Reached skill level 5 in Invocations
  7206 | D:6      | Killed Pikel
  7212 | D:6      | Learned a level 3 spell: Swiftness
  7215 | D:6      | Learned a level 2 spell: Passwall
  7220 | D:6      | Learned a level 4 spell: Summon Lightning Spire
  7571 | D:7      | Reached skill level 5 in Long Blades
  7571 | D:7      | Reached skill level 5 in Axes
  7571 | D:7      | Reached skill level 5 in Maces & Flails
  7571 | D:7      | Reached skill level 5 in Polearms
  7571 | D:7      | Reached skill level 5 in Staves
  7571 | D:7      | Reached skill level 5 in Ranged Weapons
  7571 | D:7      | Reached skill level 5 in Throwing
  7571 | D:7      | Reached skill level 5 in Armour
  7571 | D:7      | Reached skill level 5 in Shields
  7571 | D:7      | Reached skill level 5 in Unarmed Combat
  7571 | D:7      | Reached skill level 5 in Spellcasting
  7571 | D:7      | Reached skill level 5 in Evocations
  7571 | D:7      | Reached XP level 10. HP: 81/81 MP: 17/17
  8482 | D:8      | Reached skill level 11 in Stealth
  9566 | D:9      | Found a staircase to the Lair.
  9993 | D:9      | Identified the ring "Haruic" {*Corrode rElec MP+9 Str-5
                  | Dex+6}
  9996 | D:9      | Identified the ring "Ytod Uke" {*Slow rPois rC+ Dex+6}
 10001 | D:9      | Noticed a cyclops
 10002 | D:9      | Noticed a centaur warrior
 10003 | D:9      | Killed a cyclops
 10004 | D:9      | Reached skill level 5 in Conjurations
 10004 | D:9      | Reached skill level 5 in Hexes
 10004 | D:9      | Reached skill level 5 in Summonings
 10004 | D:9      | Reached skill level 5 in Necromancy
 10004 | D:9      | Reached skill level 5 in Translocations
 10004 | D:9      | Reached skill level 5 in Transmutations
 10004 | D:9      | Reached skill level 5 in Fire Magic
 10004 | D:9      | Reached skill level 5 in Ice Magic
 10004 | D:9      | Reached skill level 5 in Air Magic
 10004 | D:9      | Reached skill level 5 in Earth Magic
 10004 | D:9      | Reached skill level 5 in Poison Magic
 10004 | D:9      | Reached XP level 11. HP: 89/89 MP: 20/20
 10015 | D:9      | Killed a centaur warrior
 10017 | D:9      | Identified the ring of Yjieng {Will- Str+6 Int+8 Slay+5
                  | Stlth-}
 10071 | D:9      | Identified the ring "Weogug Noib" {Drain rN++ Will+ MP+9}
 10249 | D:9      | Noticed a purple ugly thing
 10259 | D:9      | Noticed a two-headed ogre
 10260 | D:9      | Slain by a komodo dragon

Illustrated notes

Levels and vault maps discovered:
D:1:      dpeg_arrival_water_fire, layout_basic
D:2:      minmay_chambers_of_ones, layout_basic, serial_shops, shop, basic_altar
D:3:      layout_loops_ring, overflow_temple_1_default,
          mainiacjoe_overflow_brackets
D:4:      layout_loops_ring, kennysheep_vampire_church, serial_rivers,
          chequers_serial_rivers_room_b, chequers_serial_rivers_room_a,
          chequers_serial_rivers_micro_e, chequers_serial_rivers_room_a,
          chequers_serial_rivers_small_3, chequers_serial_rivers_small_a
D:5:      layout_layer_cave, minmay_temple_entry_waves, minivault_27,
          nicolae_shop_gadgets, uniq_eustachio
D:6:      layout_loops_corners, nicolae_overflow_hidden_temple, nrook_campfire,
          minmay_between
D:7:      layout_basic, st_stairs_11, uniq_pikel
D:8:      layout_cave_pods, st_stairs_9, minmay_misc_feat_doors
D:9:      minmay_the_grid_triangle_9x9_rhombus_thin_mashed
          [minmay_the_grid_triangle_9x9_odd_lines,
          minmay_the_grid_triangle_9x9_prize_special,
          minmay_the_grid_triangle_9x9_semitri,
          minmay_the_grid_triangle_9x9_dagger], layout_rooms,
          david_lair_shrubbed, chequers_garden, kennysheep_crisscross,
          nicolae_water_bricks

Skill      XL: |  1  2  3  4  5  6  7  8  9 10 |
---------------+-------------------------------+-----
Stealth        | 10 11 | 11.4
Long Blades    | 1 2 3 5 6 |  6.3
Axes           | 1 2 3 5 6 |  6.3
Maces & Flails | 1 2 3 5 6 |  6.3
Polearms       | 1 2 3 5 6 |  6.3
Staves         | 1 2 3 5 6 |  6.3
Ranged Weapons | 1 2 3 5 6 |  6.3
Throwing       | 1 2 3 5 6 |  6.3
Armour         | 1 2 3 5 6 |  6.3
Shields        | 1 2 3 5 6 |  6.3
Unarmed Combat | 1 2 3 5 6 |  6.3
Spellcasting   | 1 2 3 5 6 |  6.3
Conjurations   | 1 2 3 4 5 |  5.2
Hexes          | 1 2 3 4 5 |  5.2
Summonings     | 1 2 3 4 5 |  5.2
Necromancy     | 1 2 3 4 5 |  5.2
Translocations | 1 2 3 4 5 |  5.2
Transmutations | 1 2 3 4 5 |  5.2
Fire Magic     | 1 2 3 4 5 |  5.2
Ice Magic      | 1 2 3 4 5 |  5.2
Air Magic      | 1 2 3 4 5 |  5.2
Earth Magic    | 1 2 3 4 5 |  5.2
Poison Magic   | 1 2 3 4 5 |  5.2
Invocations    | 1 2 3 4 5 6 |  6.9
Evocations     | 1 2 3 5 6 |  6.3
Short Blades   | 5 6 7 |  7.9
Dodging        | 5 6 7 |  7.9
Fighting       | 7 8 9 |  9.2

Action                     |  1- 3 |  4- 6 |  7- 9 | 10-12 || total
---------------------------+-------+-------+-------+-------++-------
  Melee: Short sword       |     1 |   166 |   207 |   201 ||   575
         Bite              |       |    31 |    21 |    38 ||    90
         Punch             |       |     8 |     4 |    10 ||    22
         Dagger            |       |   114 |       |       ||   114
   Cast: Blink             |       |       |       |     1 ||     1
         Swiftness         |       |       |       |     1 ||     1
    Use: Scroll            |       |     1 |    12 |       ||    13
   Stab: Sleeping          |     1 |    16 |    31 |     3 ||    51
         Distracted        |       |       |     1 |       ||     1
 Armour: Leather armour    |       |    59 |    39 |    12 ||   110
         Acid dragon scale |       |       |       |    25 ||    25
         Troll leather arm |       |       |       |    18 ||    18
  Dodge: Dodged            |       |   169 |   139 |   145 ||   453
